Map: Sueño ártico EE

Players

MrFercho

  • Race: Zerg Zerg
  • League: Silver
  • Spawn Location: 5:00

tigro

  • Race: Terran Terran
  • League: Bronze
  • Spawn Location: 6:00

Paradiso

  • Race: Terran Terran
  • League: Platinum
  • Spawn Location: 12:00

Chris

  • Race: Protoss Protoss
  • Spawn Location: 11:00

VOD

Have the link to the VOD?

Description

Time

  • Played on: May 27, 2020, 9:30 p.m.
  • Length: 11:29
Show
View Real Time Build Order
Export as new Build Order

MrFercho Zerg 

Build Orders: Pool First 

Get SALT Encoding   

  12  0:01  Drone  
  13  0:12  Drone  
  14  0:30  Spawning Pool  
  13  0:55  Hatchery  
  12  1:00  Extractor  
  12  1:02  Drone  
  12  1:23  Evolution Chamber  
  11  1:28  Drone x2  
  11  1:29  Drone  
  14  1:44  Overlord  
  14  2:02  Queen  
  14  2:03  Zergling x2  
  17  2:14  Spine Crawler  
  16  2:20  Zergling x4  
  18  2:23  Metabolic Boost  
  18  2:30  Drone x2  
  18  2:37  Drone  
  21  3:09  Drone x3  
  24  3:13  Drone x2  
  24  3:16  Drone x2  
  28  3:35  Overlord x3  
  28  3:51  Baneling Nest  
  28  3:53  Queen  
  29  4:08  Lair  
  29  4:15  Zergling x2  
  29  4:16  Zergling x4  
  32  4:26  Drone x3  
  35  4:32  Extractor  
  35  4:34  Extractor  
  33  4:39  Hatchery  
  33  4:43  Zerg Missile Weapons Level 1  
  32  4:47  Zergling x2  
  32  4:48  Zergling x2  
  34  4:55  Drone x2  
  36  5:25  Overlord x4  
  36  5:33  Hatchery  
  27  6:09  Zergling x2  
  27  6:10  Zergling x6  
  31  6:20  Zergling x18  
  40  6:31  Baneling x8  
  40  6:38  Zerg Ground Armor Level 1  
  33  7:04  Drone  
  33  7:05  Drone x7  
  16  7:46  Lair  
  16  7:55  Spawning Pool  
  15  8:16  Drone x9  
  24  8:48  Hydralisk Den  
  24  8:52  Spire  
  22  9:12  Hatchery  
  21  9:22  Hydralisk x6  
  21  9:23  Hydralisk x5  
  29  9:58  Queen  
  31  10:01  Hydralisk  
  31  10:02  Hydralisk  
  15  10:36  Hydralisk  
  15  10:37  Mutalisk  
  19  10:47  Drone  
  19  10:48  Drone  
Show
View Real Time Build Order
Export as new Build Order

tigro Terran 

Build Orders:  

Get SALT Encoding   

  12  0:02  SCV  
  13  0:15  SCV  
  14  0:21  Supply Depot  
  14  0:26  Refinery  
  14  0:32  SCV  
  15  0:44  SCV  
  16  0:55  Barracks  
  16  0:56  SCV  
  17  1:12  SCV  
  17  1:13  Refinery  
  18  1:24  Supply Depot, SCV  
  19  1:36  SCV  
  20  1:43  Marine  
  21  1:48  SCV  
  22  2:01  Marine  
  23  2:05  Barracks  
  23  2:07  SCV  
  24  2:18  Marine  
  24  2:19  SCV  
  26  2:33  SCV  
  26  2:34  Engineering Bay  
  26  2:36  Marine  
  28  2:54  Marine  
  29  3:02  Barracks Tech Lab  
  29  3:03  Orbital Command  
  29  3:24  Factory  
  29  3:26  Command Center  
  29  3:28  Barracks Tech Lab  
  29  3:31  Combat Shield  
  29  3:35  Marauder  
  31  3:52  Stimpack  
  31  3:56  Marauder  
  31  4:01  Marine  
  34  4:17  Marine  
  34  4:19  Marine  
  34  4:20  Factory Tech Lab  
  36  4:26  Starport  
  36  4:36  Marine  
  36  4:37  Terran Infantry Weapons Level 1  
  37  4:41  Refinery  
  37  4:47  Siege Tank  
  37  4:50  Concussive Shells  
  40  4:54  Marine  
  41  5:07  Medivac  
  43  5:12  Marine  
  44  5:26  Siege Tank  
  47  5:36  SCV  
  47  5:42  Refinery  
  48  5:48  SCV  
  49  6:00  SCV  
  40  6:12  SCV  
  31  6:20  Marine  
  31  6:23  Starport Tech Lab  
  31  6:24  SCV  
  31  6:25  Marine  
  34  6:31  Terran Infantry Armor Level 1  
  31  6:37  Siege Tank  
  31  6:38  Marine  
  35  6:42  Marine  
  36  6:50  Planetary Fortress  
  36  6:56  Marine  
  36  7:00  Marine  
  38  7:09  Siege Tank  
  38  7:13  Marine  
  42  7:18  Marine  
  43  7:31  Marine  
  43  7:36  Marine  
  45  7:39  Medivac  
  45  7:42  Siege Tank  
  48  7:48  Fusion Core  
  41  8:02  Marine  
  36  8:08  Marine  
  22  8:20  Marine  
  22  8:25  Marine  
  11  8:43  Marine  
  3  9:41  Command Center  
Show
View Real Time Build Order
Export as new Build Order

Paradiso Terran 

Build Orders: 2 Factory, Mech 

Get SALT Encoding   

  12  0:01  SCV  
  13  0:13  SCV  
  14  0:22  Supply Depot  
  14  0:25  SCV  
  15  0:32  Refinery  
  15  0:46  Barracks  
  15  0:48  SCV  
  16  0:59  Supply Depot  
  16  1:00  SCV  
  17  1:12  SCV  
  18  1:28  SCV  
  19  1:41  Command Center  
  19  1:44  SCV  
  20  1:49  Barracks Reactor  
  20  1:56  SCV  
  21  2:03  Engineering Bay  
  21  2:09  SCV  
  21  2:10  Refinery  
  22  2:21  SCV  
  23  2:27  Marine x2  
  25  2:31  Supply Depot  
  25  2:37  Orbital Command  
  25  2:50  Factory  
  25  2:54  SCV  
  26  3:04  Factory  
  26  3:06  SCV  
  27  3:17  Marine x2  
  27  3:19  SCV  
  30  3:21  SCV  
  31  3:28  Bunker  
  31  3:33  SCV  
  31  3:34  SCV  
  33  3:49  Barracks Tech Lab  
  33  3:50  Missile Turret  
  33  3:57  Factory Tech Lab  
  33  4:08  Refinery  
  33  4:11  Missile Turret  
  33  4:14  Command Center  
  33  4:17  SCV  
  33  4:20  SCV  
  35  4:30  Siege Tank  
  38  4:36  Orbital Command  
  38  4:39  SCV  
  38  4:40  Supply Depot  
  39  4:48  Hellion x2  
  39  4:52  SCV  
  44  4:59  Factory  
  44  5:03  SCV  
  44  5:04  SCV  
  46  5:15  Siege Tank  
  46  5:16  Hellion x2, SCV  
  46  5:19  Supply Depot  
  54  5:27  Planetary Fortress  
  54  5:38  Marauder, Combat Shield  
  54  5:40  Terran Infantry Weapons Level 1  
  54  5:41  SCV x2  
  58  5:47  Siege Tank  
  61  5:58  Hellion x2  
  65  6:24  Hellion x2, Siege Tank  
  72  6:27  SCV  
  72  6:29  SCV x2  
  72  6:32  Factory Tech Lab  
  75  6:39  SCV  
  76  6:45  SCV  
  76  6:46  SCV  
  78  6:53  Command Center  
  71  7:06  SCV  
  72  7:09  Refinery  
  72  7:10  Refinery  
  72  7:12  Refinery  
  72  7:18  SCV  
  73  7:28  Hellion  
  73  7:29  Hellion, Siege Tank x2  
  83  7:30  SCV  
  83  7:35  SCV  
  85  7:41  Supply Depot x2  
  85  7:43  Supply Depot  
  85  8:02  SCV x2  
  85  8:03  Hellion x2  
  91  8:16  Infernal Pre-Igniter  
  89  8:24  Refinery  
  89  8:26  Missile Turret  
  87  8:27  Planetary Fortress  
  87  8:29  SCV x2  
  89  8:35  Armory  
  89  8:38  SCV  
  90  8:42  SCV  
  90  8:45  Siege Tank x2  
  90  8:46  Hellion x2  
  90  8:47  Missile Turret  
  101  8:50  SCV  
  101  8:53  Factory  
  101  8:54  SCV  
  103  9:02  SCV  
  104  9:07  Hellion  
  104  9:08  Missile Turret  
  104  9:09  SCV x2  
  108  9:23  Siege Tank x2  
  114  9:30  Terran Vehicle Weapons Level 1  
  112  9:34  Supply Depot  
  112  9:37  Supply Depot  
  112  9:38  Factory  
  110  9:39  Supply Depot  
  110  9:41  SCV x3  
  110  9:44  SCV  
  114  9:51  Hellion x2  
  111  9:55  Siege Tank  
  111  9:56  SCV  
  111  9:58  Siege Tank  
  111  10:08  SCV  
  111  10:13  Factory Tech Lab  
  110  10:20  SCV  
  109  10:23  Factory  
  100  10:31  Factory  
  100  10:36  Siege Tank x3  
  100  10:37  Factory Tech Lab  
  109  10:57  Siege Tank  
  109  10:58  Hellion x2  
  113  11:08  Marine  
  124  11:13  Factory Tech Lab  
  124  11:19  Supply Depot  
Show
View Real Time Build Order
Export as new Build Order

Chris Protoss 

Build Orders: 1 Gate Expand, Blink Stalkers 

Get SALT Encoding   

  12  0:01  Probe  
  13  0:13  Probe  
  14  0:21  Pylon  
  14  0:25  Probe  
  15  0:39  Probe (Chrono Boost)  
  16  0:47  Gateway  
  17  0:50  Probe (Chrono Boost)  
  17  0:55  Probe (Chrono Boost)  
  18  0:58  Assimilator  
  18  1:09  Probe  
  19  1:21  Nexus  
  19  1:25  Probe  
  20  1:34  Cybernetics Core  
  20  1:39  Zealot  
  22  1:45  Probe  
  23  1:51  Pylon  
  23  1:59  Assimilator  
  23  2:09  Probe  
  23  2:11  Warp Gate (Chrono Boost)  
  24  2:18  Zealot  
  24  2:21  Probe  
  27  2:32  Gateway  
  27  2:33  Probe (Chrono Boost)  
  27  2:36  Probe (Chrono Boost)  
  30  2:45  Probe (Chrono Boost)  
  30  2:46  Twilight Council  
  30  2:51  Stalker, Probe (Chrono Boost)  
  32  2:56  Pylon  
  33  2:59  Probe (Chrono Boost)  
  34  3:09  Probe (Chrono Boost)  
  35  3:16  Probe  
  35  3:18  Probe  
  37  3:22  Stalker  
  37  3:24  Stalker  
  41  3:29  Probe, Blink (Chrono Boost)  
  41  3:32  Assimilator  
  42  3:34  Probe  
  43  3:49  Probe x2  
  45  4:02  Probe x2  
  47  4:04  Stalker  
  47  4:08  Stalker  
  51  4:11  Gateway  
  51  4:13  Gateway  
  51  4:18  Probe x2  
  51  4:21  Pylon  
  53  4:36  Probe  
  54  4:39  Probe  
  54  4:41  Assimilator  
  54  4:43  Sentry  
  54  4:44  Sentry  
  59  4:47  Pylon  
  59  5:01  Nexus  
  59  5:04  Pylon  
  59  5:06  Pylon  
  59  5:11  Stalker  
  59  5:12  Stalker x2  
  65  5:19  Sentry  
  68  5:21  Probe x2  
  69  5:33  Probe x2  
  69  5:34  Robotics Facility  
  71  5:36  Forge  
  71  5:37  Forge  
  71  5:45  Probe x2  
  71  5:46  Stalker  
  69  6:19  Stalker x2  
  69  6:20  Stalker x2  
  77  6:26  Probe x3  
  80  6:36  Gateway x2  
  80  6:38  Probe  
  80  6:39  Gateway  
  81  6:41  Gateway  
  79  7:13  Stalker x4  
  87  7:40  Protoss Ground Armor Level 1 (Chrono Boost), Protoss Ground Weapons Level 1 (Chrono Boost)  
  87  7:41  Stalker x4  
  87  7:43  Probe x3  
  96  7:48  Observer  
  89  7:53  Robotics Bay  
  89  7:55  Probe  
  86  8:14  Stalker x4  
  94  8:22  Probe x2  
  96  8:29  Charge (Chrono Boost), Immortal  
  100  8:37  Stalker  
  100  8:38  Probe  
  100  8:41  Pylon  
  101  8:44  Pylon  
  101  8:46  Probe  
  101  8:48  Pylon  
  98  8:50  Pylon  
  96  9:02  Probe x2  
  94  9:04  Assimilator  
  94  9:08  Assimilator  
  94  9:10  Extended Thermal Lance  
  94  9:12  Colossus  
  100  9:17  Robotics Facility  
  100  9:21  Robotics Facility  
  100  9:34  Probe x2  
  102  9:41  Stalker x2  
  102  9:42  Stalker x3  
  112  10:04  Colossus  
  112  10:05  Colossus  
  124  10:10  Colossus  
Tags
 
Add a new tag
Caveats
  • Supply blocks, unpowered buildings, or Contaminate may cause inaccurate times.
  • Supply counts are checked every 10 seconds.